 Dungeon Crawl Stone Soup version 0.30-a0-920-g7493c07aab (webtiles) character file.

Game seed: 1989368495995566117

23 sanka the Trooper (level 2, -9/32 HPs)
             Began as an Ogre Cinder Acolyte on Mar 21, 2023.
             Was a High Priest of Ignis.
             Mangled by a gnoll
             ... wielding a +0 flail
              (11 damage)
             ... on level 1 of the Dungeon.
             The game lasted 00:01:22 (1100 turns).

sanka the Trooper (Ogre Cinder Acolyte)             Turns: 1100, Time: 00:01:22

Health: -9/32      AC:  3    Str: 17    XL:     2   Next: 95%
Magic:  3/3        EV:  9    Int: 15    God:    Ignis [*****.]
Gold:   53         SH:  0    Dex:  4    Spells: 1/3 levels left

rFire   + . .      SeeInvis .    a - +3 whip
rCold   . . .      Faith    .    (no shield)
rNeg    . . .      Spirit   .    b - +0 robe
rPois   .          Reflect  .    (helmet restricted)
rElec   .          Rampage  .    (no cloak)
rCorr   .                        (gloves unavailable)
Will    .....                    (boots unavailable)
Stlth   +                        (no amulet)
HPRegen 0.25/turn                (no ring)
MPRegen 0.08/turn                (no ring)

@: no status effects
A: large, unfitting armour, tough skin 1
a: Renounce Religion, Fiery Armour, Foxfire Swarm, Rising Flame


You were on level 1 of the Dungeon.
You worshipped Ignis.
Ignis was extremely pleased with you.
You visited 1 branch of the dungeon, and saw 2 of its levels.

You collected 53 gold pieces.


Innate Abilities, Weirdness & Mutations

You are too large for most types of armour.
You have tough skin. (AC +1)


   Skills:
 - Level 4.0 Fighting
 + Level 3.7 Maces & Flails
 - Level 1.2 Spellcasting
 - Level 2.6 Fire Magic


You had one spell level left.
You knew the following spells:

 Your Spells              Type           Power      Damage    Failure   Level
y - Scorch                Fire           16%        2d5       12%         2

Your spell library contained the following spells:

 Spells                   Type           Power      Damage    Failure   Level


Inventory:

Hand Weapons
 a - a +3 whip (weapon)
 h - a -1 mace of flaming
Armour
 b - a +0 robe (worn)
Scrolls
 d - a scroll of magic mapping {unknown}
 f - 3 scrolls of identify {unknown}
 g - a scroll of enchant weapon {unknown}
Potions
 c - 2 potions of mutation {unknown}
 e - 2 potions of heal wounds {unknown}

Dungeon Overview and Level Annotations

Branches:
Dungeon (2/15)

Altars:

.▒...P.▒▒▒▒..▒.▒.▒▒▒▒▒...▒.▒..▒▒.
.▒.......▒...▒.▒)▒ ▒...▒.▒..▒..
.▒▒▒▒▒▒▒.▒...▒.▒.▒ ▒...▒.▒..▒..
...............▒.▒ ▒.▒.▒.▒.....
.▒...............▒▒▒▒▒.▒.▒.......
▒▒.▒▒▒▒▒.▒▒▒▒▒......▒▒.▒.▒▒▒▒.▒▒▒
.........▒ ▒......▒▒.▒......▒ ▒
.▒.▒▒▒▒▒▒▒ ▒..r...▒▒.▒▒▒▒▒▒▒▒ ▒
.▒.▒ ▒..O...▒▒.▒▒▒▒▒▒▒▒▒▒
...▒▒▒▒▒▒▒▒▒▒▒..g........▒.......
▒....................▒.▒.▒.▒▒▒▒▒.
▒.).............▒▒▒▒.▒.▒.▒.▒ ▒.
▒...............▒ ▒.▒.▒.▒.▒ ▒.
▒...............▒▒▒▒+▒.▒.▒.▒▒▒▒▒.
▒...............▒▒.....▒.▒.......
▒...............▒▒.....▒.▒▒▒▒▒▒▒.
▒...............▒▒.......▒ ▒.


You could see a gnoll and a quokka.


Message History

Unknown command.
The quokka bites you.
The gnoll hits you from afar with a +0 halberd!
* * * LOW HITPOINT WARNING * * *
The gnoll hits you with a +0 flail.
* * * LOW HITPOINT WARNING * * *
You climb upwards.
There is a stone staircase leading down here.
Unknown command.
You whack the gnoll!
The gnoll is severely wounded.
The quokka bites you.
* * * LOW HITPOINT WARNING * * *
The gnoll closely misses you.
You barely miss the gnoll.
The gnoll is severely wounded.
The quokka closely misses you. The gnoll misses you.
You barely miss the gnoll.
The gnoll is severely wounded.
The quokka barely misses you. The gnoll hits you with a +0 flail.
* * * LOW HITPOINT WARNING * * *
The quokka bites you but does no damage.
You barely miss the gnoll.
The gnoll is severely wounded.
The quokka bites you.
* * * LOW HITPOINT WARNING * * *
The gnoll hits you with a +0 flail!
You die...

Action                     || total
---------------------------++-------
  Melee: Mace              ||    73
         Whip              ||     9
 Armour: Robe              ||    24
  Dodge: Dodged            ||    52

Levels and vault maps discovered:
D:1:      lightli_arrival_maybe_door_vault, layout_basic, serial_forest,
          infiniplex_forest_lined_2, infiniplex_forest_clump_double,
          infiniplex_forest_clump_diagonal, infiniplex_forest_lined_corner,
          infiniplex_forest_lined_3
D:2:      layout_rooms, hex_large, solitary_fountain

Notes
Turn   | Place    | Note
-------+----------+-------------------------------------------
     0 | D:1      | sanka the Ogre Cinder Acolyte began the quest for the Orb.
     0 | D:1      | Reached XP level 1. HP: 24/24 MP: 2/2
   129 | D:1      | Reached skill level 3 in Maces & Flails
   236 | D:1      | Reached XP level 2. HP: 28/32 MP: 3/3
   375 | D:1      | HP: 2/32 [frozen (2)]
   499 | D:1      | Learned a level 2 spell: Scorch
  1100 | D:1      | HP: 2/32 [quokka (4)]
  1100 | D:1      | Mangled by a gnoll

Vanquished Creatures
  3 endoplasms
  A giant cockroach (D:1)
  2 goblins (D:1)
  3 hobgoblins (D:1)
  2 ball pythons (D:1)
  2 bats (D:1)
  A frilled lizard (D:1)
  3 kobolds (D:1)
  6 rats (D:1)
23 creatures vanquished.
